 Dungeon Crawl Stone Soup version 0.21-a0-94-gdd6ab6a (webtiles) character file.

18 HAL9000 the Sneak (level 2, -2/13 HPs)
             Began as a Vine Stalker Enchanter on July 3, 2017.
             Slain by a hobgoblin
             ... wielding a +0 club
              (3 damage)
             ... on level 1 of the Dungeon.
             The game lasted 00:00:42 (411 turns).

HAL9000 the Sneak (Vine Stalker Enchanter)           Turns: 411, Time: 00:00:43

Health: -2/13      AC:  3    Str: 10    XL:     2   Next: 66%
Magic:  0/6        EV: 12    Int: 15    God:
Gold:   34         SH:  0    Dex: 14    Spells: 2/5 levels left

rFire    . . .     SeeInvis .   a - +1 dagger
rCold    . . .     Gourm    .   (no shield)
rNeg     . . .     Faith    .   b - +0 robe
rPois    .         Spirit   +   (no helmet)
rElec    .         Reflect  .   (no cloak)
rCorr    .         Harm     .   (no gloves)
MR       .....                  i - +0 pair of boots
Stlth    ++........             (no amulet)
HPRegen  0.04/turn              (no ring)
MPRegen  0.10/turn              (no ring)

@: no status effects
A: fangs 2, magic shield, antimagic bite, no potion heal 3, rot immunity
a: no special abilities


You were on level 1 of the Dungeon.
You were not hungry.

You visited 1 branch of the dungeon, and saw 1 of its levels.

You collected 34 gold pieces.

Inventory:

Hand Weapons
 a - a +1 dagger (weapon)
Armour
 b - a +0 robe (worn)
 i - a +0 pair of boots (worn)
Scrolls
 e - 2 scrolls of remove curse {unknown}
 g - 3 scrolls of magic mapping {unknown}
 h - a scroll of enchant weapon {unknown}
Potions
 f - a potion of curing {unknown}
 j - 2 potions of heal wounds {unknown}
Books
 c - a book of Maledictions

   Spells                             Type                      Level
   a - Corona                         Hexes                        1
   b - Ensorcelled Hibernation        Hexes/Ice                    2
   c - Confuse                        Hexes                        3
   d - Tukima's Dance                 Hexes                        3
   e - Dazzling Spray                 Conjuration/Hexes            3
Comestibles
 d - a bread ration


   Skills:
 + Level 1.7 Short Blades
 - Level 1.5 Dodging
 - Level 3.6 Stealth
 - Level 2.1 Spellcasting
 + Level 3.4 Hexes


You had 2 spell levels left.
You knew the following spells:

 Your Spells              Type           Power        Failure   Level  Hunger
a - Corona                Hex            ##.....      5%          1    #......
z - Ensorcelled Hibernat  Hex/Ice        #.....       16%         2    ###....


Dungeon Overview and Level Annotations

Branches:
Dungeon (1/15)

Altars:


Innate Abilities, Weirdness & Mutations

You have extremely sharp teeth.
When hurt, damage is shared between your health and your magic reserves.
Your bite disrupts and absorbs the magic of your enemies.
Potions cannot restore your health.
You are immune to rotting.


Message History

The hobgoblin misses you.
You hit the hobgoblin. Your bite misses the hobgoblin.
The hobgoblin is heavily wounded.
Casting: Ensorcelled Hibernation
Confirm with . or Enter, or press ? or * to list all spells.
You don't have enough magic to cast that spell.
Unknown command.
You barely miss the hobgoblin.
The hobgoblin is heavily wounded.
The hobgoblin hits you with a club!
Ouch! That really hurt!
* * * LOW HITPOINT WARNING * * *
You are too injured to fight recklessly!
You are too injured to fight recklessly!
You are too injured to fight recklessly!
Unknown command.
There is an open door here.
You see here a stone.
The hobgoblin hits you with a club.
You die...

........#
#.........#
####.#
........#
#.........# #.#
........#
#.........# #..
........#
#.........#
#######
###+#####
#.........#
#......
#.)..(....#
#.#####
#.#(####### #.#
#g###########.#
#.@...........#
###############


You could see a hobgoblin.

Vanquished Creatures
  A leopard gecko (D:1)
  5 goblins (D:1)
  A hobgoblin (D:1)
  2 bats (D:1)
  A frilled lizard (D:1)
  2 kobolds (D:1)
  4 rats (D:1)
16 creatures vanquished.

Notes
Turn   | Place    | Note
-------+----------+-------------------------------------------
     0 | D:1      | HAL9000 the Vine Stalker Enchanter began the quest for the Orb.
     0 | D:1      | Reached XP level 1. HP: 9/9 MP: 4/4
    57 | D:1      | Reached skill level 1 in Short Blades
   179 | D:1      | Reached XP level 2. HP: 13/13 MP: 6/6
   204 | D:1      | Learned a level 2 spell: Ensorcelled Hibernation
   411 | D:1      | Slain by a hobgoblin

Vault maps used:
D:1:      sevenhm_arrival_forest_fort_small_6

Skill      XL: |  1 |
---------------+----+-----
Short Blades   | 1 |  1.7
Dodging        | |  1.5
Stealth        | |  3.6
Spellcasting   | |  2.1
Hexes          | |  3.4

Action                   || total
-------------------------++-------
Melee: Dagger            ||    41
       Bite              ||     5
 Cast: Ensorcelled Hiber ||     2
 Stab: Sleeping          ||     5
Armor: Robe              ||     8
Dodge: Dodged            ||    22
